 Dungeon Crawl Stone Soup version 0.29.1-12-g30fa7ad0bf (webtiles) character file.

Game seed: 12317534463577465865

3 DildoBatman the Conjurer (level 1, -2/13 HPs)
             Began as a Formicid Conjurer on Dec 12, 2022.
             Slain by a quokka (3 damage)
             ... on level 1 of the Dungeon.
             The game lasted 00:00:38 (365 turns).

DildoBatman the Conjurer (Formicid Conjurer)         Turns: 365, Time: 00:00:38

Health: -2/13      AC:  2    Str: 11    XL:     1   Next: 55%
Magic:  0/3        EV: 12    Int: 17    God:
Gold:   40         SH:  0    Dex: 12    Spells: 3/4 levels left

rFire   . . .      SeeInvis +   c - +0 dagger
rCold   . . .      Faith    .   (no shield)
rNeg    . . .      Spirit   .   a - +0 robe
rPois   .          Reflect  .   (helmet unavailable)
rElec   .          Harm     .   (no cloak)
rCorr   .          Rampage  .   (no gloves)
Will    .....                   (no boots)
Stlth   ++........              (no amulet)
HPRegen 0.04/turn               (no ring)
MPRegen 0.08/turn               (no ring)

@: no status effects
A: permanent stasis, dig shafts and tunnels, antennae 3, four strong arms
a: Dig, Shaft Self


You were on level 1 of the Dungeon.
You visited 1 branch of the dungeon, and saw 1 of its levels.

You collected 40 gold pieces.

Inventory:

Hand Weapons
 c - a +0 dagger (weapon)
Missiles
 d - 19 stones
Armour
 a - a +0 robe (worn)
Scrolls
 e - a scroll of teleportation {unknown}
 f - a scroll of magic mapping {unknown}
 g - a scroll of enchant armour {unknown}
 h - a scroll of identify {unknown}
Potions
 b - 2 potions of magic


   Skills:
 * Level 0.2 Fighting
 * Level 0.2 Armour
 * Level 1.8 Dodging
 - Level 2.4 Stealth
 * Level 2.2 Spellcasting
 * Level 3.6 Conjurations


You had 3 spell levels left.
You knew the following spells:

 Your Spells              Type           Power      Damage    Failure   Level
c - Magic Dart            Conj           56%        1d5       4%          1

Your spell library contained the following spells:

 Spells                   Type           Power      Damage    Failure   Level
 Searing Ray              Conj           28%        2d5       6%          2
 Dazzling Flash           Conj/Hex       16%        N/A       26%         3
 Fulminant Prism          Conj/Hex       4%         3d6       65%         4
 Iskenderun's Mystic Bla  Conj/Tloc      8%         2d4       65%         4


Dungeon Overview and Level Annotations

Branches:
Dungeon (1/15)

Altars:


Innate Abilities, Weirdness & Mutations

You cannot be hasted, slowed, berserked, paralysed or teleported.
You can dig through walls and to a lower floor.
You have a pair of large antennae on your head. (SInv)
Your four strong arms can wield two-handed weapons with a shield.


Message History

The quokka is lightly wounded.
The quokka barely misses you.
You barely miss the quokka.
The quokka is lightly wounded.
The quokka bites you.
Casting: Magic Dart (safe; 4% risk of failure)
Confirm with . or Enter, or press ? or * to list all spells.
Aiming: Magic Dart (safe; 4% risk of failure)
Press: ? - help, Shift-Dir - straight line, f/p - quokka
Aim: a quokka (lightly wounded, 100% to hit)
The magic dart hits the quokka.
The quokka is heavily wounded.
The quokka closely misses you.
You hit the quokka.
The quokka is severely wounded.
The quokka misses you. The quokka bites you.
You barely miss the quokka.
The quokka is severely wounded.
The quokka misses you.
You hit the quokka.
The quokka is almost dead.
The quokka barely misses you.
You barely miss the quokka.
The quokka is almost dead.
The quokka bites you but does no damage.
You hit the quokka but do no damage.
The quokka is almost dead.
The quokka bites you but does no damage.
You closely miss the quokka.
The quokka is almost dead.
The quokka bites you. The quokka misses you.
You closely miss the quokka.
The quokka is almost dead.
The quokka barely misses you.
You closely miss the quokka.
The quokka is almost dead.
The quokka bites you.
You die...

#.# #.# #.##
# #.. ##
#########.#
#.
#......##.#
#.
#.####....#
##. #.#
####.# #..
#.# #@# #..
#.#
#r.......
#.. ##.#
#.###.#..
{##. #..#
#.# ## #.##
#.# # #.#
#.# #.# #..
#.#########.
#..........


You could see a quokka.

Vanquished Creatures
  A goblin (D:1)
  A hobgoblin (D:1)
  A kobold (D:1)
3 creatures vanquished.

Notes
Turn   | Place    | Note
-------+----------+-------------------------------------------
     0 | D:1      | DildoBatman the Formicid Conjurer began the quest for the
                  | Orb.
     0 | D:1      | Reached XP level 1. HP: 13/13 MP: 3/3
   365 | D:1      | Slain by a quokka

Illustrated notes

Levels and vault maps discovered:
D:1:      dpeg_arrival_round_c, layout_loops_ring, minmay_misc_feat_room

Action                   || total
-------------------------++-------
Melee: Dagger            ||    17
 Cast: Magic Dart        ||     9
Armor: Robe              ||     3
Dodge: Dodged            ||    12
